 Dungeon Crawl Stone Soup version 0.32-a0-361-g289a535e89 (webtiles) character file.

Game seed: 10389058890016633832

154 cforsyth the Magician (level 5, -2/40 HPs)
             Began as a Djinni Fire Elementalist on Feb 18, 2024.
             Slain by an orc
             ... wielding a +0 club
              (4 damage)
             ... on level 3 of the Dungeon.
             The game lasted 00:02:47 (1976 turns).

cforsyth the Magician (Djinni Fire Elementalist)    Turns: 1976, Time: 00:02:48

Health: -2/40      AC:  2    Str:  7    XL:     5   Next: 62%
Gold:   129        EV: 17    Int: 18    God:
                   SH:  0    Dex: 14

rFire   + + .        (no weapon)
rCold   x . .        (no shield)
rNeg    . . .        a - +0 robe
rPois   ∞            (no helmet)
rElec   .            (no cloak)
rCorr   .            (no gloves)
SInv    .            (boots unavailable)
Will    .....        (no amulet)
Stlth   ++           E - +5 ring of evasion
HPRegen 0.26/turn    (no ring)
MPRegen 0.00/turn

%: infuse magic (-3 HP)
@: flying
A: sickness immunity, fire resistance 2, cold vulnerability 1, float, innate
caster, HP casting, extra vitality 1
a: Convert to Beogh


You were on level 3 of the Dungeon.
You visited 1 branch of the dungeon, and saw 3 of its levels.

You collected 129 gold pieces.


Innate Abilities, Weirdness & Mutations

You are immune to sickness and miasma.
You are immune to poison.
Your flesh is very heat resistant. (rF++)
You are vulnerable to cold. (rC-)
You float through the air rather than walking.
You learn spells naturally, not from books.
Your magical power is your life essence.
You have superior vitality. (+4 MHP)


   Skills:
 + Level 3.3 Fighting
 - Level 2.1 Dodging
 - Level 1.5 Stealth
 + Level 4.1 Spellcasting
 + Level 4.1 Conjurations
 + Level 4.1 Hexes
 + Level 4.1 Summonings
 + Level 4.1 Necromancy
 + Level 4.1 Translocations
 + Level 4.1 Fire Magic
 + Level 4.1 Ice Magic
 + Level 4.1 Air Magic
 + Level 4.1 Earth Magic
 + Level 4.1 Alchemy


You knew the following spells:

 Your Spells              Type           Power      Damage    Failure   Level
a - Kiss of Death         Conj/Necr      72%        2d10      2%          1
b - Mercury Vapours       Alch/Air       36%        N/A       4%          2
f - Foxfire               Conj/Fire      72%        2x1d7     2%          1
r - Inner Flame           Hex/Fire       18%        N/A       9%          3
X - Scorch                Fire           36%        2d6       4%          2
Y - Volatile Blastmotes   Fire/Tloc      36%        2d13      9%          3
Z - Flame Wave            Conj/Fire      18%        2d7       26%         4
Your spell library was empty.

Inventory:

Armour
 a - a +0 robe (worn)
Jewellery
 E - a +5 ring of evasion (left hand)
Scrolls
 c - 2 scrolls of identify {unknown}
 f - a scroll of noise {unknown}
 g - 2 scrolls of immolation {unknown}
 i - a scroll of blinking {unknown}
 k - a scroll of enchant weapon {unknown}
 l - a scroll of vulnerability {unknown}
Potions
 b - a potion of invisibility {unknown}
 d - a potion of degeneration {unknown}
 e - 4 potions of curing {unknown}
 h - a potion of brilliance {unknown}
 j - a potion of ambrosia {unknown}
 m - 2 potions of mutation {unknown}

Dungeon Overview and Level Annotations

Branches:
Dungeon (3/15)

Altars:
Wu Jian

#§#o# #.....###.. #.#§#####
.# #.##....... #.#§§...#
.###.###......
#..####.##.#............
#.....#......#.....##..(
#..........#.....####...
#####..........#.# #...
#.{o.....#.#.# #...
#.o@.....#.#.# ###+
#...§...># #...
+########........########...
........##'###'####.....#...
.........#.# #.# #..⚑..#...
.........#.# #.# #.....#...
...........###.####⌠#.#⌠#...
........#####.....###.###...
........# ##...#.....# #...


You could see an orc priest and an orc.


Message History

You conjure some foxfire!
The foxfire hits the orc priest.
The orc priest is almost dead.
The foxfire hits the orc but does no damage.
The orc priest hits you with a +0 short sword.
* * * LOW HITPOINT WARNING * * *
You hear some strange, mumbled words.
A magic dart appears from out of thin air!
The magic dart hits you.
* * * LOW HITPOINT WARNING * * *
The orc hits you with a +0 club.
* * * LOW HITPOINT WARNING * * *
You are too injured to fight recklessly!
Unknown command.
Unknown command.
Casting: Foxfire (safe; 2% risk of failure)
Confirm with . or Enter, or press ? or * to list all spells.
Flames lash something.
* * * LOW HITPOINT WARNING * * *
The orc priest shouts, "Surrender to Beogh and we'll let you live!"
The foxfire hits the orc priest but does no damage.
The orc priest is almost dead.
The foxfire hits the orc.
The orc is heavily wounded.
The orc priest shouts, "The Pantheon deserves no one's loyalty.
Let us show you the true path!"
The orc priest hits you with a +0 short sword.
* * * LOW HITPOINT WARNING * * *
Something hits you.
* * * LOW HITPOINT WARNING * * *
The orc hits you with a +0 club.
You die...

Skill      XL: |  1  2  3  4  5 |
---------------+----------------+-----
Fighting       | 1 2 3 |  3.3
Spellcasting   | 4 |  4.1
Conjurations   | 4 |  4.1
Hexes          | 4 |  4.1
Summonings     | 4 |  4.1
Necromancy     | 4 |  4.1
Translocations | 4 |  4.1
Fire Magic     | 4 |  4.1
Ice Magic      | 4 |  4.1
Air Magic      | 4 |  4.1
Earth Magic    | 4 |  4.1
Alchemy        | 4 |  4.1
Dodging        | |  2.1
Stealth        | |  1.5

Action                     |  1- 3 |  4- 6 || total
---------------------------+-------+-------++-------
  Melee: Unarmed           |       |     1 ||     1
   Cast: Foxfire           |    54 |    90 ||   144
         Scorch            |     2 |     1 ||     3
 Armour: Robe              |       |    11 ||    11
  Dodge: Dodged            |     5 |    11 ||    16

Levels and vault maps discovered:
D:1:      evilmike_arrival_plus, layout_basic
D:2:      layout_loops_corners, serial_bayou_ford_a, uniq_natasha
D:3:      layout_basic, mainiacjoe_overflow_alcove_2, serial_shops,
          nicolae_shop_trees, shapermc_ecumenical_altar_mp_vishouse

Notes
Turn   | Place    | Note
-------+----------+-------------------------------------------
     0 | D:1      | cforsyth the Djinni Fire Elementalist began the quest for
                  | the Orb.
     0 | D:1      | cforsyth set off with the following spells memorised:
                  | Foxfire, Scorch, Volatile Blastmotes, Inner Flame, Flame
                  | Wave.
     0 | D:1      | Reached XP level 1. HP: 15/15 MP: 0/0
    68 | D:1      | Reached skill level 1 in Fighting
    68 | D:1      | Reached XP level 2. HP: 18/22 MP: 0/0
   254 | D:1      | Reached XP level 3. HP: 24/27 MP: 0/0
   254 | D:1      | Learned a level 1 spell: Kiss of Death
   723 | D:2      | Reached skill level 2 in Fighting
   789 | D:2      | Noticed Natasha
   793 | D:2      | Killed Natasha
   794 | D:2      | Reached XP level 4. HP: 29/34 MP: 0/0
  1069 | D:2      | Noticed Natasha
  1077 | D:2      | Killed Natasha
  1078 | D:2      | Reached XP level 5. HP: 25/40 MP: 0/0
  1078 | D:2      | Learned a level 2 spell: Mercury Vapours
  1218 | D:2      | Reached skill level 3 in Fighting
  1408 | D:2      | Reached skill level 4 in Spellcasting
  1408 | D:2      | Reached skill level 4 in Conjurations
  1408 | D:2      | Reached skill level 4 in Hexes
  1408 | D:2      | Reached skill level 4 in Summonings
  1408 | D:2      | Reached skill level 4 in Necromancy
  1408 | D:2      | Reached skill level 4 in Translocations
  1408 | D:2      | Reached skill level 4 in Fire Magic
  1408 | D:2      | Reached skill level 4 in Ice Magic
  1408 | D:2      | Reached skill level 4 in Air Magic
  1408 | D:2      | Reached skill level 4 in Earth Magic
  1408 | D:2      | Reached skill level 4 in Alchemy
  1475 | D:2      | Noticed Natasha
  1479 | D:2      | Killed Natasha
  1886 | D:3      | Found an ornate altar of the Wu Jian Council.
  1919 | D:3      | Found a faded altar of an unknown god.
  1976 | D:3      | HP: 2/40 [something (5)]
  1976 | D:3      | Slain by an orc

Vanquished Creatures
  Natasha (thrice) (D:2)
  3 ribbon worms (D:2)
  2 dart slugs
  3 orcs (D:3)
  4 bats
  2 endoplasms (D:1)
  A giant cockroach (D:2)
  3 goblins
  2 hobgoblins (D:2)
  2 quokkas (D:2)
  2 ball pythons
  2 frilled lizards
  5 kobolds
  7 rats
41 creatures vanquished.

Vanquished Creatures (collateral kills)
  3 foxfires (D:2)
3 creatures vanquished.

Vanquished Creatures (others)
  242 foxfires
242 creatures vanquished.

Grand Total: 286 creatures vanquished

Table legend: (Time is in decaauts)
 A = Elapsed time spent in this place.
 B = Non-inter-level travel time spent in this place.
 C = Inter-level travel time spent in this place.
 D = Time resting spent in this place.
 E = Time spent auto-exploring this place.
 F = Levels seen in this place.
 G = Mean time per level.
                   A        B        C        D        E       F      G
               +--------+--------+--------+--------+--------+-----+--------+
         Total |   1975 |   1935 |     40 |      0 |   1649 |   3 |  658.3 |
       Dungeon |   1975 |   1935 |     40 |      0 |   1649 |   3 |  658.3 |
               +--------+--------+--------+--------+--------+-----+--------+

Top non-repeatable levels by time:
     D:2: 1100 daAuts
     D:3: 448 daAuts
     D:1: 425 daAuts

Table legend:
 A = Non-vault XP
 B = Vault XP
 C = Vault XP percentage of total XP
 D = Non-vault monster count
 E = Vault monster count
 F = Vault count percentage of total count
                 A         B        C        D         E       F
            +---------+---------+-------+---------+---------+-------
      Total |     186 |      34 |  15.5 |      40 |       1 |   2.4
            +---------+---------+-------+---------+---------+-------
        D:1 |      34 |       0 |   0.0 |      13 |       0 |   0.0
        D:2 |     128 |      34 |  21.0 |      20 |       1 |   4.8
        D:3 |      24 |       0 |   0.0 |       7 |       0 |   0.0
            +---------+---------+-------+---------+---------+-------
